 Dungeon Crawl Stone Soup version 0.21.1-1-g345015f (webtiles) character file.

77 wotfoxis the Chopper (level 4, -1/41 HPs)
             Began as a Hill Orc Chaos Knight on Feb 20, 2018.
             Slain by a worker ant (4 damage)
             ... on level 4 of the Dungeon.
             The game lasted 00:06:21 (759 turns).

wotfoxis the Chopper (Hill Orc Chaos Knight)         Turns: 759, Time: 00:06:22

Health: -1/41      AC:  5    Str: 12 (14) XL:     4   Next: 33%
Magic:  4/4        EV: 11    Int: 12 (13) God:    Xom [*.....]
Gold:   24         SH:  0    Dex:  8 (10) Spells: 3/3 levels left

rFire    x . .     SeeInvis .   d - +0 hand axe (chop)
rCold    + . .     Gourm    .   (no shield)
rNeg     . . .     Faith    .   b - +2 leather armour
rPois    .         Spirit   .   (no helmet)
rElec    .         Reflect  .   (no cloak)
rCorr    .         Harm     .   (no gloves)
MR       .....                  (no boots)
Stlth    ++........             (no amulet)
HPRegen  0.13/turn              f - ring of stealth
MPRegen  0.09/turn              g - ring of ice

@: no status effects
A: no striking features
a: Renounce Religion


You were on level 4 of the Dungeon.
You worshipped Xom.
You were a special plaything of Xom.
You were not hungry.

You visited 1 branch of the dungeon, and saw 4 of its levels.

You collected 24 gold pieces.

Inventory:

Hand Weapons
 a - a +0 hand axe of chaos
 d - a +0 hand axe of chopping (weapon)
Armour
 b - a +2 leather armour (worn)
Jewellery
 f - a ring of stealth (left hand)
 g - a ring of ice (right hand)
 l - an uncursed ring of protection from magic {unknown}
Scrolls
 e - 2 scrolls of identify
 k - a scroll of magic mapping {unknown}
Potions
 h - a potion of lignification
 i - a potion of cancellation {unknown}
 j - a potion of agility {unknown}
Comestibles
 c - 2 rations


   Skills:
 + Level 4.4 Fighting
 + Level 5.3 Axes
 + Level 2.6 Armour
 + Level 1.1 Dodging
 + Level 0.6 Stealth


You had 3 spell levels left.
You didn't know any spells.

Dungeon Overview and Level Annotations

Branches:
Dungeon (4/15)
 Temple: D:4-7

Altars:


Message History

Found a robe.
An ogre is nearby! "See what I see, my child!"
You feel aware of your surroundings.
The ogre shouts!
The ogre hits you with a giant club!! Xom almost notices you.
You feel electric!
You are now a special plaything of Xom.
The ogre hits you with a giant club!!
* * * LOW HITPOINT WARNING * * *
The worker ant twitches its antennae in your direction.
The worker ant bites you but does no damage.
A worm comes into view.
The worker ant bites you.
* * * LOW HITPOINT WARNING * * *
The worker ant bites you but does no damage.
The worker ant bites you.
You die...
Xom cackles wildly!

##.......## ##..#.. .# ##.. *
#..#####..# #....# ..#... ##.##
##.## ##..... #....#.. #..#
#..###.....# #....##..####.##
##..#......# .....##...##..#
##......... .... ........###
####..........
...##........O.#####.....#.....##
...<.#...#.....a@........##..###
............####...####.####.##
.....#......#.##..## #.# ##.##
....##........#..## #.# #..##
....##...........# #.# ##...#
................## ##.####..###
..##............######...#...##
...#........##....##...#....##
..........#####......####..##


You could see an ogre and a worker ant.

Vanquished Creatures
  An adder (D:3)
  An ooze (D:1)
  3 adder skeletons (D:4)
  A worm (D:3)
  4 dart slugs
  2 leopard geckos
  4 orcs (D:3)
  3 giant cockroaches (D:1)
  3 goblins (D:1)
  2 hobgoblins
  2 kobolds (D:1)
  A kobold (shapeshifter) (D:1)
  A bat (D:1)
  15 rats
43 creatures vanquished.

Notes
Turn   | Place    | Note
-------+----------+-------------------------------------------
     0 | D:1      | wotfoxis the Hill Orc Chaos Knight began the quest for the Orb.
     0 | D:1      | Reached XP level 1. HP: 19/19 MP: 1/1
    39 | D:1      | Reached XP level 2. HP: 23/27 MP: 2/2
   280 | D:1      | Reached XP level 3. HP: 18/33 MP: 3/3
   428 | D:1      | XOM: cloud trail
   491 | D:2      | XOM: cast spell 'Alistair's Intoxication'
   508 | D:3      | Reached skill level 5 in Axes
   511 | D:3      | Reached skill level 1 in Dodging
   514 | D:3      | XOM: noise
   554 | D:3      | Reached XP level 4. HP: 33/41 MP: 4/4
   627 | D:4      | Noticed an ogre
   740 | D:4      | XOM: divination: magic mapping
   743 | D:4      | XOM: harmless Air miscast
   748 | D:4      | HP: 2/41 [worker ant (3)]
   759 | D:4      | Slain by a worker ant

Skill      XL: |  1  2  3 |
---------------+----------+-----
Fighting       | 4 |  4.4
Axes           | 5 |  5.3
Dodging        | 1 |  1.1
Armour         | |  2.6
Stealth        | |  0.6

Action                   |  1- 3 |  4- 6 || total
-------------------------+-------+-------++-------
Melee: Hand axe          |    98 |    27 ||   125
  Use: Potion            |     4 |       ||     4
       Scroll            |     2 |       ||     2
 Stab: Confused          |     1 |     1 ||     2
       Paralysed         |     1 |       ||     1
       Sleeping          |     1 |       ||     1
  Eat: Ration            |     1 |       ||     1
Armor: Leather armour    |    46 |     8 ||    54
Dodge: Dodged            |    59 |    19 ||    78
